 Dungeon Crawl Stone Soup version 0.25-a0-516-g7d600cd9ad (webtiles) character file.

Game seed: 9330374607041207053, levelgen mode: deterministic

13671 Emblim88 the Blocker (level 11, -4/107 HPs)
             Began as a Troll Monk on Feb 17, 2020.
             Was an Elder of Wu Jian.
             Slain by a wyvern (15 damage)
             ... on level 11 of the Dungeon.
             The game lasted 00:36:59 (8919 turns).

Emblim88 the Blocker (Troll Monk)                   Turns: 8919, Time: 00:36:59

Health: -4/107     AC: 12    Str: 28    XL:     11   Next: 78%
Magic:  0/10       EV: 10    Int:  6    God:    Wu Jian [****..]
Gold:   706        SH: 15    Dex: 13    Spells: 10/10 levels left

rFire    . . .     SeeInvis .     - Unarmed
rCold    . . .     Gourm    +   B - +3 kite shield
rNeg     . . .     Faith    .   a - +0 robe
rPois    +         Spirit   +   A - +1 hat
rElec    .         Reflect  .   y - scarf {Spirit}
rCorr    .         Harm     .   (gloves unavailable)
MR       .....                  (boots unavailable)
Stlth    ++........             v - amulet of regeneration
HPRegen  1.07/turn              r - ring of poison resistance
MPRegen  0.12/turn              D - +5 ring of protection

@: mighty, very slightly contaminated
A: large, unfitting armour, claws 3, fast metabolism 3, gourmand, regeneration
1, shaggy fur 1, tough skin 3
a: Wall Jump, Serpent's Lash, Renounce Religion


You were on level 11 of the Dungeon.
You worshipped Wu Jian.
Wu Jian was greatly pleased with you.
You were very full.

You visited 2 branches of the dungeon, and saw 12 of its levels.
You also visited: Ossuary.

You collected 1070 gold pieces.
You spent 364 gold pieces at shops.

Inventory:

Hand Weapons
 C - the +5 hunting sling "Ismukef" {vorpal, +Fly rPois Str-3 Int+7}
   (You found it on level 4 of the Dungeon)

   Any stone fired from it inflicts extra damage.
   It affects your strength (-3).
   It affects your intelligence (+7).
   It protects you from poison.
   It lets you fly.
 W - a +1 demon trident of venom
Missiles
 j - 446 stones
 q - a silver javelin
 E - 43 poisoned darts
 H - 8 boomerangs (quivered)
 X - a throwing net
Armour
 a - a +0 robe (worn)
 y - a scarf of spirit shield (worn)
 A - a +1 hat (worn)
 B - a +3 kite shield (worn)
Jewellery
 p - an uncursed ring of see invisible
 r - a ring of poison resistance (left claw)
 t - an uncursed ring of resist corrosion
 v - an amulet of regeneration (around neck)
 D - a +5 ring of protection (right claw)
Wands
 e - a wand of flame (79)
 h - a wand of scattershot (2)
 x - a wand of enslavement (2)
 z - a wand of polymorph (9)
 F - a wand of digging (1)
 U - a wand of acid (5)
 V - a wand of iceblast (4)
Scrolls
 c - 2 scrolls of magic mapping
 f - 3 scrolls of amnesia
 g - 7 scrolls of teleportation
 i - 2 scrolls of fear
 o - a scroll of blinking
 s - 2 scrolls of identify
 u - 7 scrolls of remove curse
 G - a scroll of immolation
 M - a scroll of silence
 P - a scroll of acquirement
 R - a scroll of summoning
 S - a scroll of enchant weapon
 T - a scroll of holy word {unknown}
 Z - 2 scrolls of vulnerability {unknown}
Potions
 d - 4 potions of flight
 k - a potion of ambrosia {unknown}
 n - 2 potions of might
 w - 7 potions of curing {unknown}
 I - 3 potions of magic {unknown}
 J - a potion of mutation {unknown}
 K - 3 potions of cancellation
 L - 4 potions of brilliance {unknown}
 N - 2 potions of agility {unknown}
 O - 3 potions of heal wounds {unknown}
 Q - 2 potions of lignification {unknown}
Comestibles
 b - 20 rations
 m - a chunk of flesh


   Skills:
 + Level 6.7 Fighting
 + Level 8.7 Throwing
 - Level 2.4 Dodging
 - Level 1.0 Stealth
 + Level 10.0 Shields
 + Level 9.6 Unarmed Combat


You had 10 spell levels left.
You didn't know any spells.
Your spell library contained the following spells:

 Spells                   Type           Power        Failure   Level  Hunger
 Animate Skeleton         Necr           N/A          45%         1    ##.....
 Apportation              Tloc           #.....       45%         1    ##.....
 Corona                   Hex            #......      45%         1    ##.....
 Shock                    Conj/Air       #...         45%         1    ##.....
 Summon Small Mammal      Summ           #...         45%         1    ##.....
 Ensorcelled Hibernation  Hex/Ice        #.....       58%         2    ###....
 Swiftness                Chrm/Air       #.......     58%         2    ###....
 Confusing Touch          Hex            #.......     83%         3    ####...
 Dazzling Flash           Conj/Hex       #.....       83%         3    ####...
 Static Discharge         Conj/Air       #.......     83%         3    ####...
 Tukima's Dance           Hex            #.......     83%         3    ####...
 Airstrike                Air            #.........   99%         4    #####..
 Lightning Bolt           Conj/Air       #.........   100%        5    ######.


Dungeon Overview and Level Annotations

Branches:
Dungeon (11/15)            Temple (1/1) D:5            Lair (0/6) D:10
Ossuary (visited)
    Orc: D:9-12

Altars:
Ashenzari
Cheibriados
Dithmenos
Elyvilon
Fedhas
Gozag
Hepliaklqana
Kikubaaqudgha
Makhleb
Nemelex Xobeh
Okawaru
Qazlal
Ru
Sif Muna
Trog
Uskayaw
Vehumet
Wu Jian
Xom
Yredelemnul
Zin
The Shining One

Shops:
D:9 }*

Annotations:
D:6 1 runed translucent door, Crazy Yiuf
D:11 1 runed translucent door


Innate Abilities, Weirdness & Mutations

You are too large for most types of armour.
You have claws for hands.
Your metabolism is lightning-fast.
You like to eat raw meat.
Your natural rate of healing is unusually fast.
You are covered in fur. (AC +1)
You have extremely tough skin. (AC +3)


Message History

Pain shoots through your body!
* * * LOW HITPOINT WARNING * * *
You block the cyan ugly thing's attack.
You claw the cyan ugly thing!
The cyan ugly thing is severely wounded.
You flicker back into view.
You block the shadow imp's attack. You block the cyan ugly thing's attack.
You feel very mighty all of a sudden. You block the shadow imp's attack.
The cyan ugly thing claws you.
* * * LOW HITPOINT WARNING * * *
The cyan ugly thing shocks you!
* * * LOW HITPOINT WARNING * * *
You mangle the cyan ugly thing!!
You kill the cyan ugly thing!
The Council accepts your kill. You block the shadow imp's attack.
You claw the wyvern!
The wyvern is heavily wounded.
The wyvern bites you!
You die...

...########...####
#. ##..# # #..#
#..# #..# # #.##
#+ ####.#
..8#..#8.(.#
..'%..l@...#
..8####85...#
.......# .#.#....#
# #...#### #.###
#. ..


You could see a wyvern and a shadow imp.

Vanquished Creatures
  Erolcha (D:9)
  A hydra (D:11)
  Josephine (D:10)
  2 centaur warriors (D:11)
  A two-headed ogre (D:10)
  3 ugly things (D:11)
  5 gargoyles (D:9)
  A merfolk (D:9)
  Sigmund (D:4)
  8 yaks
  8 wraiths
  Menkaure (D:7)
  A soldier ant (D:10)
  Edmund (D:6)
  An acid dragon (D:11)
  2 black bears
  2 phantoms
  3 ogres
  An orc warrior (D:11)
  2 sky beasts
  3 ice beasts
  A necrophage (D:10)
  5 centaurs
  A crocodile (D:9)
  A big kobold (D:8)
  7 bullfrogs
  A water moccasin zombie (D:8)
  2 scorpions
  7 killer bees
  4 howler monkeys
  2 wights (Ossuary)
  3 crimson imps
  2 centaur zombies
  6 hounds
  3 jellies
  An orc priest (D:11)
  A bullfrog skeleton (D:6)
  3 orc wizards
  A centaur skeleton (D:10)
  Ijyb (D:3)
  2 iguanas
  4 worker ants
  Terence (D:2)
  A hound zombie (D:7)
  13 adders
  4 gnolls (D:7)
  A howler monkey skeleton (D:11)
  An ooze (D:2)
  An adder zombie (Ossuary)
  An adder skeleton (D:7)
  6 worms
  3 dart slugs
  5 leopard geckos
  16 orcs
  5 giant cockroaches
  8 goblins
  8 hobgoblins
  9 jackals
  10 kobolds
  5 quokkas
  A ball python zombie (D:5)
  9 bats
  7 frilled lizards
  A hobgoblin skeleton (Ossuary)
  5 kobold zombies (Ossuary)
  A leopard gecko zombie (D:6)
  An orc skeleton (Ossuary)
  An orc zombie (Ossuary)
  6 rats
237 creatures vanquished.

Vanquished Creatures (collateral kills)
  A killer bee (D:8)
  An orc (D:6)
2 creatures vanquished.

Vanquished Creatures (others)
  A killer bee (D:8)
  A centaur (D:5)
2 creatures vanquished.

Grand Total: 241 creatures vanquished

Notes
Turn   | Place    | Note
-------+----------+-------------------------------------------
     0 | D:1      | Emblim88 the Troll Monk began the quest for the Orb.
     0 | D:1      | Reached XP level 1. HP: 22/22 MP: 0/0
    87 | D:1      | Reached skill level 1 in Throwing
   132 | D:1      | Reached XP level 2. HP: 26/29 MP: 1/1
   863 | D:2      | Reached XP level 3. HP: 36/36 MP: 2/2
  1033 | D:2      | Reached XP level 4. HP: 31/44 MP: 3/3
  1671 | D:3      | Noticed Terence
  1700 | D:2      | Killed Terence
  1700 | D:2      | Reached XP level 5. HP: 33/50 MP: 4/4
  1750 | D:3      | Noticed Ijyb
  1772 | D:3      | Killed Ijyb
  1980 | D:3      | Found an opulent altar of Gozag.
  2120 | D:3      | Found a stormy altar of Qazlal.
  2121 | D:3      | Found a white marble altar of Elyvilon.
  2315 | D:3      | Reached skill level 5 in Throwing
  2441 | D:4      | Reached XP level 6. HP: 43/59 MP: 3/5
  2497 | D:4      | Found a radiant altar of Vehumet.
  2608 | D:4      | Reached skill level 1 in Shields
  2728 | D:4      | Noticed Sigmund
  2731 | D:4      | Got a steaming hunting sling
  2750 | D:4      | Killed Sigmund
  2750 | D:4      | Reached XP level 7. HP: 26/67 MP: 1/6
  2857 | D:4      | Found a white marble altar of Elyvilon.
  2970 | D:4      | Identified the +5 hunting sling "Ismukef" {vorpal, +Fly
                  | rPois Str-3 Int+7} (You found it on level 4 of the Dungeon)
  3004 | D:5      | Entered Level 5 of the Dungeon
  3037 | D:5      | Found a staircase to the Ecumenical Temple.
  3045 | Temple   | Entered the Ecumenical Temple
  3160 | Temple   | Became a worshipper of the Wu Jian Council
  3160 | Temple   | Reached * piety under Wu Jian
  3160 | Temple   | Reached ** piety under Wu Jian
  3233 | D:5      | Reached skill level 2 in Shields
  3233 | D:5      | Reached skill level 5 in Unarmed Combat
  3363 | D:5      | Found a sand-covered staircase.
  3366 | Ossuary  | Entered an ossuary
  3461 | Ossuary  | Noticed a wraith
  3461 | Ossuary  | Noticed a flying skull
  3493 | Ossuary  | Noticed a flying skull
  3520 | Ossuary  | Noticed a flying skull
  3521 | Ossuary  | Noticed a wraith
  3533 | Ossuary  | Killed a wraith
  3533 | Ossuary  | Reached XP level 8. HP: 64/76 MP: 5/7
  3590 | Ossuary  | Noticed a flying skull
  3593 | Ossuary  | Noticed a flying skull
  4051 | D:5      | Found a glowing golden altar of the Shining One.
  4059 | D:5      | Reached skill level 3 in Shields
  4104 | D:5      | Found a bloodstained altar of Trog.
  4486 | D:6      | Found an iron altar of Okawaru.
  4590 | D:6      | Noticed Edmund
  4620 | D:6      | Killed Edmund
  4620 | D:6      | Reached *** piety under Wu Jian
  4684 | D:6      | Reached XP level 9. HP: 85/85 MP: 8/8
  5051 | D:6      | Found a runed translucent door.
  5052 | D:6      | Noticed Crazy Yiuf
  5285 | D:7      | Found a glowing silver altar of Zin.
  5351 | D:7      | Noticed Menkaure
  5358 | D:7      | Killed Menkaure
  5575 | D:7      | Reached skill level 4 in Shields
  5825 | D:8      | Found a sparkling altar of Nemelex Xobeh.
  5838 | D:8      | Found a shattered altar of Ashenzari.
  6067 | D:8      | Reached skill level 5 in Shields
  6289 | D:8      | Reached **** piety under Wu Jian
  6511 | D:9      | Found Nuschel's Gadget Shop.
  6514 | D:9      | Bought a wand of acid (6) for 260 gold pieces
  6514 | D:9      | Bought a wand of iceblast (4) for 104 gold pieces
  6550 | D:9      | Found a blossoming altar of Fedhas.
  6559 | D:9      | Found an ancient bone altar of Kikubaaqudgha.
  6643 | D:9      | Found a shimmering altar of Xom.
  6834 | D:9      | Noticed a merfolk
  6839 | D:9      | Killed a merfolk
  6839 | D:9      | Reached skill level 6 in Shields
  6879 | D:9      | Found Vasyol's Elemental Accessories.
  6970 | D:9      | Noticed Erolcha
  6981 | D:9      | Killed Erolcha
  6981 | D:9      | Reached skill level 7 in Shields
  6981 | D:9      | Reached XP level 10. HP: 88/94 MP: 7/9
  7233 | D:9      | Noticed a gargoyle
  7247 | D:9      | Killed a gargoyle
  7253 | D:9      | Noticed a gargoyle
  7257 | D:9      | Killed a gargoyle
  7257 | D:9      | Reached skill level 8 in Shields
  7274 | D:9      | Noticed a gargoyle
  7278 | D:9      | Killed a gargoyle
  7285 | D:9      | Noticed a gargoyle
  7291 | D:9      | Killed a gargoyle
  7303 | D:9      | Noticed a gargoyle
  7323 | D:9      | Killed a gargoyle
  7372 | D:10     | Entered Level 10 of the Dungeon
  7384 | D:10     | Reached skill level 9 in Shields
  7436 | D:10     | Noticed Josephine
  7493 | D:10     | Killed Josephine
  7493 | D:10     | Reached skill level 5 in Fighting
  7769 | D:10     | Reached XP level 11. HP: 104/104 MP: 10/10
  7773 | D:10     | Noticed a two-headed ogre
  7833 | D:10     | Killed a two-headed ogre
  8170 | D:10     | Identified a scroll of acquirement
  8177 | D:10     | Found a staircase to the Lair.
  8725 | D:11     | Noticed a purple ugly thing
  8744 | D:11     | Killed a purple ugly thing
  8777 | D:11     | Noticed a five-headed hydra
  8787 | D:11     | Killed a five-headed hydra
  8886 | D:11     | Noticed a centaur warrior
  8887 | D:11     | Noticed a centaur warrior
  8887 | D:11     | Noticed a cyan ugly thing
  8888 | D:11     | Noticed a cyan ugly thing
  8889 | D:11     | Found a large runed translucent door.
  8896 | D:11     | Killed a centaur warrior
  8905 | D:11     | Killed a centaur warrior
  8912 | D:11     | Killed a white ugly thing
  8912 | D:11     | Reached skill level 10 in Shields
  8918 | D:11     | Killed a cyan ugly thing
  8919 | D:11     | Slain by a wyvern

Levels and vault maps discovered:
D:1:      dpeg_arrival_three_bigger_balls, layout_basic, chequers_garden
D:2:      layout_basic, serial_corexii_hall, corexii_hall_statues_t,
          corexii_hall_statues_deadend, chequers_hall_statues_y,
          corexii_hall_statues_u
D:3:      layout_rooms, nicolae_overflow_crystal_walls,
          gammafunk_temple_overflow_pools, minmay_between, uniq_terence,
          uniq_ijyb
D:4:      layout_rooms, marbit_many_paths, elyvilon_altar_4, uniq_sigmund
D:5:      layout_loops_corners, tso_metal_star, lemuel_crystal_altar,
          minmay_temple_entry_mist, lightli_ossuary_entry_decrepit_ruins,
          first_ration
D:6:      layout_basic, lemuel_coloured_pillars_altar, uniq_edmund,
          uniq_crazy_yiuf_cottage
D:7:      layout_basic, zin_scriptorium, uniq_menkaure
D:8:      layout_gridville, nemelex_xobeh_ov_fountains_minmay,
          cheibrodos_ashenzari_chains
D:9:      cheibrodos_statue_roulette, layout_irregular_city,
          grunt_temple_overflow_growth_and_decay, lemuel_doored_altar,
          serial_shops, nicolae_shop_behind_doors, hangedman_fish_farm,
          nicolae_elemental_shop, uniq_erolcha
D:10:     layout_stronghold, lair_entry_dummy, serial_column_ruins,
          column_ruins_hut, column_ruins_courtyard_long,
          column_ruins_columns_straight, column_ruins_grid_1,
          column_ruins_open_tiny_water, column_ruins_grid_4,
          column_ruins_open_tiny, column_ruins_open_large, uniq_josephine
D:11:     layout_loops_cross, jmf_multi_god_temple2
Temple:   kb_temple_of_zot

Skill      XL: |  1  2  3  4  5  6  7  8  9 10 11 |
---------------+----------------------------------+-----
Throwing       | 1 2 3 4 5 6 7 8 |  8.7
Shields        | 1 2 3 7 9 10 | 10.0
Fighting       | 3 4 5 6 |  6.7
Unarmed Combat | 4 5 7 8 9 |  9.6
Dodging        | |  2.4
Stealth        | |  1.0

Action                   |  1- 3 |  4- 6 |  7- 9 | 10-12 || total
-------------------------+-------+-------+-------+-------++-------
Melee: Unarmed           |    81 |   223 |   282 |   285 ||   871
       Punch             |     2 |     1 |       |       ||     3
Throw: Stone             |       |     7 |    47 |       ||    54
       Javelin           |       |       |     3 |       ||     3
       Boomerang         |       |       |    14 |    53 ||    67
Invok: Lunge             |       |       |    15 |    10 ||    25
       Whirlwind         |       |       |     4 |    15 ||    19
       Serpent's Lash    |       |       |     2 |       ||     2
Evoke: Wand              |       |       |     4 |     3 ||     7
  Use: Scroll            |       |     4 |    10 |     8 ||    22
       Potion            |       |     2 |     1 |     2 ||     5
 Stab: Sleeping          |     1 |     6 |     8 |     1 ||    16
       Invisible         |       |       |       |     3 ||     3
  Eat: Chunk             |     9 |    22 |    34 |    23 ||    88
Armor: Robe              |    36 |    94 |    76 |    43 ||   249
Dodge: Dodged            |    52 |    71 |    69 |    57 ||   249
Block: Tower shield      |       |   107 |       |       ||   107
       Kite shield       |       |     2 |   121 |   163 ||   286

Table legend:
 A = Non-vault XP
 B = Vault XP
 C = Vault XP percentage of total XP
 D = Non-vault monster count
 E = Vault monster count
 F = Vault count percentage of total count
                 A         B        C        D         E       F
            +---------+---------+-------+---------+---------+-------
      Total |   10595 |    8936 |  45.8 |     201 |      39 |  16.2
            +---------+---------+-------+---------+---------+-------
        D:1 |      27 |       0 |   0.0 |      19 |       0 |   0.0
        D:2 |     156 |      32 |  17.0 |      37 |       1 |   2.6
        D:3 |      49 |      39 |  44.3 |      19 |       3 |  13.6
        D:4 |     337 |     270 |  44.5 |      14 |       2 |  12.5
        D:5 |     850 |       0 |   0.0 |      22 |       0 |   0.0
        D:6 |     700 |     158 |  18.4 |      18 |       1 |   5.3
        D:7 |     548 |     169 |  23.6 |      17 |       1 |   5.6
        D:8 |     489 |       0 |   0.0 |       9 |       0 |   0.0
        D:9 |     605 |    3956 |  86.7 |       7 |      10 |  58.8
       D:10 |    3428 |    1470 |  30.0 |      21 |       4 |  16.0
       D:11 |    3406 |    2324 |  40.6 |      18 |       4 |  18.2
    Ossuary |       0 |     518 | 100.0 |       0 |      13 | 100.0
            +---------+---------+-------+---------+---------+-------
